 Dungeon Crawl Stone Soup version 0.29.1-15-g9cfb28693d (webtiles) character file.

Game seed: 2974217039398815989

14 112233 the Magician (level 2, -1/15 HPs)
             Began as a Deep Elf Air Elementalist on Feb 25, 2023.
             Slain by a gnoll
             ... wielding a +0 club
              (8 damage)
             ... on level 2 of the Dungeon.
             The game lasted 00:00:39 (761 turns).

112233 the Magician (Deep Elf Air Elementalist)      Turns: 761, Time: 00:00:40

Health: -1/15      AC:  2    Str:  5    XL:     2   Next: 31%
Magic:  3/8        EV: 12    Int: 19    God:
Gold:   50         SH:  0    Dex: 15    Spells: 7/8 levels left

rFire   . . .      SeeInvis .   (no weapon)
rCold   . . .      Faith    .   (no shield)
rNeg    . . .      Spirit   .   a - +0 robe
rPois   .          Reflect  .   (no helmet)
rElec   .          Harm     .   (no cloak)
rCorr   .          Rampage  .   (no gloves)
Will    .....                   (no boots)
Stlth   ++........              (no amulet)
HPRegen 0.05/turn               (no ring)
MPRegen 0.11/turn               (no ring)

@: no status effects
A: no striking features
a: no special abilities


You were on level 2 of the Dungeon.
You visited 1 branch of the dungeon, and saw 2 of its levels.

You collected 50 gold pieces.

Inventory:

Armour
 a - a +0 robe (worn)
Scrolls
 d - a scroll of teleportation {unknown}
 e - a scroll of butterflies {unknown}
Potions
 b - a potion of magic
 c - a potion of cancellation {unknown}


   Skills:
 - Level 2.5 Dodging
 - Level 2.5 Stealth
 + Level 3.5 Spellcasting
 - Level 1.2 Conjurations
 + Level 3.3 Air Magic


You had 7 spell levels left.
You knew the following spells:

 Your Spells              Type           Power      Damage    Failure   Level
a - Shock                 Conj/Air       48%        1d6       5%          1

Your spell library contained the following spells:

 Spells                   Type           Power      Damage    Failure   Level
 Static Discharge         Conj/Air       12%        3-5/arc   9%          2
 Swiftness                Air            16%        N/A       11%         3
 Airstrike                Air            8%         2d(2-18)  36%         4


Dungeon Overview and Level Annotations

Branches:
Dungeon (2/15)

Altars:

Shops:
D:1 ?   D:2 ?


Message History

Press: ? - help, Shift-Dir - straight line, f - gnoll
Aim: a gnoll, wielding a +0 club (72% to hit)
The zap hits the gnoll.
The gnoll is lightly wounded.
A gnoll is nearby!
Casting: Shock (safe; 5% risk of failure)
Confirm with . or Enter, or press ? or * to list all spells.
Aiming: Shock (safe; 5% risk of failure)
Press: ? - help, Shift-Dir - straight line, f/p - gnoll
Aim: a gnoll, wielding a +0 club (lightly wounded, 72% to hit)
The zap hits the gnoll.
The gnoll is moderately wounded.
A gnoll is nearby!
Casting: Shock (safe; 5% risk of failure)
Confirm with . or Enter, or press ? or * to list all spells.
Aiming: Shock (safe; 5% risk of failure)
Press: ? - help, Shift-Dir - straight line, f/p - gnoll
Aim: a gnoll, wielding a +0 club (moderately wounded, 72% to hit)
The zap misses the gnoll.
A gnoll is nearby!
Casting: Shock (safe; 5% risk of failure)
Confirm with . or Enter, or press ? or * to list all spells.
Aiming: Shock (safe; 5% risk of failure)
Press: ? - help, Shift-Dir - straight line, f/p - gnoll
Aim: a gnoll, wielding a +0 club (moderately wounded, 72% to hit)
The zap hits the gnoll.
The gnoll is heavily wounded.
The gnoll hits you with a +0 club!
Ouch! That really hurt!
A gnoll is nearby!
Casting: Shock (safe; 5% risk of failure)
Confirm with . or Enter, or press ? or * to list all spells.
Aiming: Shock (safe; 5% risk of failure)
Press: ? - help, Shift-Dir - straight line, f/p - gnoll
Aim: a gnoll, wielding a +0 club (heavily wounded, 72% to hit)
The zap hits the gnoll.
The gnoll is heavily wounded.
The gnoll hits you with a +0 club!
Ouch! That really hurt!
You die...

#.#.#.#
###.#.........#.#.##.##..
....#.#
#.#...#.##......#...#.#
#.....#
#.#...#.#####.#.#...#.#
###.### ###.#...#.#
#.......... ....#
...)...##.# #####...†##
##### ##.......# ##.#.#
#......### #.#.#
##.##...### #...#
........@.# #####
......###g# #..... .#
##.... .# #.... .# #.##
.. #. ##


You could see a gnoll.

Vanquished Creatures
  An endoplasm (D:2)
  3 giant cockroaches (D:2)
  A goblin (D:2)
  A hobgoblin (D:2)
  2 jackals (D:2)
  A quokka (D:2)
  A ball python (D:2)
  A bat (D:2)
  A rat (D:2)
12 creatures vanquished.

Notes
Turn   | Place    | Note
-------+----------+-------------------------------------------
     0 | D:1      | 112233 the Deep Elf Air Elementalist began the quest for
                  | the Orb.
     0 | D:1      | Reached XP level 1. HP: 10/10 MP: 6/6
    48 | D:1      | Found Suituk's Magic Scroll Shoppe.
    67 | D:1      | You fall into a shaft and drop 1 floor!
   441 | D:2      | Reached XP level 2. HP: 15/15 MP: 5/8
   506 | D:2      | Found Vighoin's Magic Scroll Boutique.
   761 | D:2      | Slain by a gnoll

Illustrated notes

Levels and vault maps discovered:
D:1:      eino_arrival_cavern_e, layout_basic, serial_shops, shop,
          nicolae_shop_hallway_stairs, shop, shop,
          dreamdust_ecumenical_altar_statues
D:2:      layout_loops_cross, serial_shops, nicolae_shop_stone,
          kennysheep_generic_room_6

Action                   || total
-------------------------++-------
Melee: Unarmed           ||     1
 Cast: Shock             ||    41
Armor: Robe              ||    13
Dodge: Dodged            ||    20
